 Dungeon Crawl Stone Soup version 0.27-a0-1256-gced786f65e (webtiles) character file.

Game seed: 11475506393045649464

113064 tsouns the Eclecticist (level 16, -1/78 HPs)
             Began as a Spriggan Delver on June 11, 2021.
             Was an Initiate of Dithmenos.
             Killed from afar by a catoblepas (11 damage)
             ... with a blast of calcifying dust
             ... on level 15 of the Dungeon.
             The game lasted 01:37:18 (35905 turns).

tsouns the Eclecticist (Spriggan Delver)           Turns: 35905, Time: 01:37:18

Health: -1/78      AC: 16    Str:  8    XL:     16   Next: 13%
Magic:  6/36       EV: 24    Int: 24    God:    Dithmenos [......]
Gold:   630        SH:  0    Dex: 17    Spells: 7/46 levels left

rFire    + + .     SeeInvis +   o - +3 Elemental Staff {rElec rF++ rC++ Will++ AC+5}
rCold    + + +     Faith    .   (shield currently unavailable)
rNeg     . . .     Spirit   .   L - +3 steam dragon scales
rPois    .         Reflect  .   (helmet restricted)
rElec    +         Harm     .   a - +2 cloak {Will+}
rCorr    .         Rampage  .   (gloves unavailable)
Will     +++++                  (boots unavailable)
Stlth    ++++......             j - amulet of magic regeneration
HPRegen  0.23/turn              m - ring of Birdsong {rC+ Int+6}
MPRegen  0.50/turn              P - ring of wizardry

@: radiating poison, very quick
A: very small, no large weapons, unfitting armour, see invisible, speed 3
a: Renounce Religion


You were on level 15 of the Dungeon.
You worshipped Dithmenos.
Dithmenos was noncommittal.
You visited 4 branches of the dungeon, and saw 24 of its levels.
You also visited: Ice Cave.

You collected 2930 gold pieces.
You spent 2300 gold pieces at shops.

Inventory:

Hand Weapons
 o - the +3 Elemental Staff (weapon) {rElec rF++ rC++ Will++ AC+5}
   (You bought it in a shop on level 8 of the Dungeon)

   It affects your AC (+5).
   It greatly protects you from fire.
   It greatly protects you from cold.
   It insulates you from electricity.
   It greatly increases your willpower.
 W - the +9 long sword of Gose {vorpal, rElec rPois}
   (You found it on level 6 of the Lair of Beasts)

   It inflicts extra damage upon your enemies.
   It insulates you from electricity.
   It protects you from poison.
Missiles
 t - 9 curare-tipped darts
 G - a throwing net (quivered)
Armour
 a - a +2 cloak of willpower (worn)
 L - +3 steam dragon scales (worn)
Jewellery
 e - a ring of flight
 h - a ring of protection from fire
 j - an amulet of magic regeneration (around neck)
 m - the ring of Birdsong (left hand) {rC+ Int+6}
   (You acquired it on level 8 of the Dungeon)

   [ring of intelligence]

   It affects your intelligence (+6).
   It protects you from cold.
 v - a ring of poison resistance
 P - a ring of wizardry (right hand)
Wands
 d - a wand of acid (20)
 g - a wand of digging (19)
 q - a wand of polymorph (17)
 w - a wand of flame (79)
 I - a wand of iceblast (26)
Scrolls
 c - 4 scrolls of fog
 k - 3 scrolls of teleportation
 l - 6 scrolls of amnesia
 n - a scroll of magic mapping
 s - a scroll of identify
 x - a scroll of brand weapon
 M - a scroll of holy word
 Q - a scroll of enchant weapon
 S - 2 scrolls of summoning
 V - 2 scrolls of immolation
Potions
 f - 5 potions of haste
 i - 4 potions of curing
 p - 4 potions of brilliance
 r - 2 potions of lignification
 u - 6 potions of flight
 z - 6 potions of might
 A - 2 potions of ambrosia
 C - 2 potions of cancellation
 D - 5 potions of magic
 N - 3 potions of mutation
 O - 3 potions of resistance
 R - 2 potions of invisibility
Miscellaneous
 b - a tin of tremorstones (2/2)
 y - a condenser vane
 F - a piece from Xom's chessboard (15/15)


   Skills:
 - Level 6.2 Fighting
 - Level 4.0 Short Blades
 * Level 5.1 Staves
 - Level 10.5 Dodging
 - Level 9.0 Stealth
 + Level 15.5 Spellcasting
 + Level 4.6 Conjurations
 - Level 9.8 Summonings
 + Level 0.9 Ice Magic
 + Level 11.2 Air Magic
 - Level 7.0 Poison Magic
 - Level 12.3 Invocations


You had 7 spell levels left.
You knew the following spells:

 Your Spells              Type           Power      Damage    Failure   Level
a - Poisonous Vapours     Pois/Air       100%       N/A       1%          2
b - Mephitic Cloud        Conj/Pois/Air  70%        N/A       1%          3
c - Olgreb's Toxic Radia  Pois           51%        N/A       1%          4
d - Shadow Creatures      Summ           N/A        N/A       3%          6
e - Airstrike             Air            41%        N/A       1%          4
f - Lightning Bolt        Conj/Air       35%        1d53      1%          5
g - Freezing Cloud        Conj/Ice/Air   40%        6-21      3%          5
h - Ozocubu's Refrigerat  Ice            17%        4d8       99%         7
i - Stone Arrow           Conj/Erth      88%        3d12      1%          3

Your spell library contained the following spells:

 Spells                   Type           Power      Damage    Failure   Level
 Animate Skeleton         Necr           36%        N/A       1%          1
 Beastly Appendage        Tmut           36%        N/A       1%          1
 Corona                   Hex            20%        N/A       1%          1
 Pain                     Necr           72%        1d7       1%          1
 Shock                    Conj/Air       100%       1d9       1%          1
 Sting                    Tmut/Pois      100%       1d8       1%          1
 Blink                    Tloc           N/A        N/A       1%          2
 Corpse Rot               Necr/Air       N/A        N/A       1%          2
 Ensorcelled Hibernation  Hex/Ice        62%        N/A       1%          2
 Static Discharge         Conj/Air       71%        N/A       1%          2
 Conjure Flame            Conj/Fire      44%        6-21      1%          3
 Dazzling Flash           Conj/Hex       58%        N/A       1%          3
 Ignite Poison            Fire/Tmut/Pois 45%        N/A       1%          3
 Swiftness                Air            83%        N/A       1%          3
 Summon Ice Beast         Ice/Summ       61%        N/A       1%          4
 Confusing Touch          Hex            18%        N/A       3%          3
 Gell's Gravitas          Tloc           9%         N/A       3%          3
 Tukima's Dance           Hex            18%        N/A       3%          3
 Vampiric Draining        Necr           9%         2d7       3%          3
 Summon Forest            Summ/Tloc      21%        N/A       4%          5
 Summon Mana Viper        Hex/Summ       42%        N/A       4%          5
 Ice Form                 Ice/Tmut       31%        N/A       10%         4
 Animate Dead             Necr           9%         N/A       12%         4
 Petrify                  Tmut/Erth      28%        N/A       12%         4
 Summon Hydra             Summ           30%        N/A       17%         7
 Metabolic Englaciation   Hex/Ice        15%        N/A       26%         5
 Agony                    Necr           18%        N/A       32%         5
 Yara's Violent Unravell  Hex/Tmut       9%         3d6       32%         5
 Eringya's Noxious Bog    Tmut/Pois      17%        N/A       38%         6
 Simulacrum               Ice/Necr       15%        N/A       80%         6


Dungeon Overview and Level Annotations

Branches:
Dungeon (15/15)            Temple (1/1) D:7            Lair (6/6) D:11
  Swamp (0/4) Lair:2       Spider (0/4) Lair:4        Slime (0/5) Lair:6
    Orc (2/2) D:11            Elf (0/3) Orc:2        Vaults (0/5) D:13
  IceCv (visited)
 Depths: D:15

Altars:
Ashenzari
Cheibriados
Dithmenos
Elyvilon
Fedhas
Gozag
Hepliaklqana
Kikubaaqudgha
Makhleb
Nemelex Xobeh
Okawaru
Qazlal
Ru
Sif Muna
Trog
Uskayaw
Vehumet
Wu Jian
Xom
Yredelemnul
Zin
The Shining One

Shops:
D:1 *   D:8 *   D:11 (   Orc:1 :   Orc:2 *![:

Annotations:
Lair:2 1 runed translucent door, Aisen's ghost, journeyman MiBe


Innate Abilities, Weirdness & Mutations

You are very small and have problems with some larger weapons.
You are too small for most types of armour.
You have supernaturally acute eyesight. (SInv)
You cover ground extremely quickly. (Speed+++)


Message History

You are engulfed in calcifying dust.
The catoblepas gores you but does no damage.
You turn to flesh and can move again.
Unknown command.
Unknown command.
Blink to where?
Press: ? - help, Dir - move target, p - catoblepas
As you read the scroll of blinking, it crumbles to dust.
Found a condenser vane.
Found a shadowy altar of Dithmenos.
You see here a condenser vane.
y - a condenser vane The catoblepas snuffles in challenge.
Casting: Lightning Bolt (dangerous; 1% risk of failure)
Confirm with . or Enter, or press ? or * to list all spells.
You begin to radiate toxic energy.
The catoblepas is poisoned.
Unknown command.
Unknown command.
There is a shadowy altar of Dithmenos here.
You kneel at the altar of Dithmenos.
You have lost your religion!
Elyvilon does not appreciate desertion for evil!
Dithmenos welcomes you!
Your toxic aura wanes.
Casting: Olgreb's Toxic Radiance (mildly dangerous; 1% risk of failure)
Confirm with . or Enter, or press ? or * to list all spells.
You can't see any susceptible monsters within range! (Use Z to cast anyway.)
Casting: Olgreb's Toxic Radiance (mildly dangerous; 1% risk of failure)
Confirm with . or Enter, or press ? or * to list all spells.
You can't see any susceptible monsters within range! (Use Z to cast anyway.)
Casting: Olgreb's Toxic Radiance (mildly dangerous; 1% risk of failure)
Confirm with . or Enter, or press ? or * to list all spells.
You can't see any susceptible monsters within range! (Use Z to cast anyway.)
The catoblepas looks more healthy.
Casting: Olgreb's Toxic Radiance (mildly dangerous; 1% risk of failure)
Confirm with . or Enter, or press ? or * to list all spells.
You begin to radiate toxic energy.
The catoblepas is poisoned.
The catoblepas looks even sicker.
The catoblepas breathes a plume of calcifying dust at you.
The blast of calcifying dust hits you!
You die...

##### ##...##
##.....## #.......#
# ####.#._.#.##
#...#....##.##..#
....#
#......Y###...# ....
##......§§@..##
..................##
... ............###
... ####.....####
..# ##....# ..#
#.#### h§# #Y# §.##
#.# #Y$# #p#


You could see a catoblepas (very poisoned).

Vanquished Creatures
  Kirke (D:15)
  An orc warlord (Orc:2)
  Nessos (D:13)
  A white draconian (IceCv)
  Snorg (Orc:2)
  Josephine (Lair:6)
  4 vault guards (D:13)
  Erolcha (D:11)
  An ice dragon (Orc:2)
  8 hydras
  5 boulder beetles
  4 catoblepae
  An ogre mage (D:13)
  10 centaur warriors
  3 orc high priests (Orc:2)
  17 death yaks
  A tengu warrior (D:14)
  Urug (Lair:5)
  Sonja (D:13)
  5 skeletal warriors (D:12)
  4 deep elf pyromancers
  7 ugly things (D:14)
  A wolf spider (Orc:1)
  3 oklob plants
  8 orc knights
  10 cyclopes
  3 manticores
  5 orc sorcerers
  9 elephants
  A cyclops (shapeshifter) (D:14)
  Maurice (Orc:2)
  4 black mambas
  2 gargoyles (D:13)
  A guardian serpent (Lair:1)
  An ice statue (IceCv)
  Joseph (Lair:1)
  An unseen horror (D:12)
  3 rime drakes
  11 komodo dragons
  8 cane toads
  A kobold demonologist (D:14)
  2 tengu conjurers (D:14)
  A jumping spider (shapeshifter) (D:14)
  A meliai (D:14)
  18 polar bears
  8 trolls
  2 slime creatures (D:12)
  A raiju (shapeshifter) (D:14)
  22 blink frogs
  4 dream sheep (Lair:5)
  A centaur simulacrum (D:14)
  A meliai zombie (D:11)
  A tarantella (Orc:1)
  3 wyverns
  10 wraiths
  2 redbacks (Orc:1)
  51 yaks
  Sigmund (D:2)
  A vampire (D:10)
  Eustachio (D:5)
  4 basilisks
  A hog (D:15)
  3 humans
  3 steam dragons
  8 vampire mosquitoes
  A warg (Orc:2)
  An acid dragon (shapeshifter) (D:14)
  5 water moccasins
  3 acid dragons
  Duvessa (D:7)
  35 orc warriors
  2 sky beasts (D:6)
  4 necrophages (D:8)
  5 black bears
  3 ogres
  36 wolves
  5 boggarts (D:14)
  6 centaurs
  2 kobold brigands
  5 scorpions
  12 bullfrogs
  2 gnoll sergeants
  2 wyvern zombies
  Dowan (D:7)
  3 killer bees (D:9)
  3 wights (D:8)
  3 electric eels
  A crimson imp (D:7)
  3 centaur zombies
  2 hounds (D:6)
  A bullfrog zombie (D:6)
  2 jellies
  A human zombie (D:8)
  13 orc priests
  3 bullfrog skeletons
  A centaur skeleton (D:7)
  A gnoll shaman (D:8)
  8 iguanas
  Crazy Yiuf (D:2)
  Natasha (thrice) (D:3)
  26 orc wizards
  A killer bee zombie (D:8)
  A hound skeleton (D:4)
  A mummy (D:8)
  3 howler monkey zombies
  Robin (D:2)
  23 gnolls
  6 adders
  A shadow imp (D:8)
  A white imp (D:7)
  2 adder zombies (D:5)
  An adder skeleton (D:4)
  2 worms (Lair:4)
  83 orcs
  3 bat zombies (D:7)
  9 endoplasms
  8 giant cockroaches
  9 hobgoblins
  2 jackals (D:2)
  3 quokkas
  22 ball pythons
  4 bats
  5 frilled lizards
  13 goblins
  17 kobolds
  5 rats
  3 butterflies (Lair:3)
738 creatures vanquished.

Vanquished Creatures (collateral kills)
  5 slime creatures (D:14)
  A yak (IceCv)
6 creatures vanquished.

Vanquished Creatures (others)
  A polar bear (IceCv)
  2 meliai (D:14)
  An orc priest (Orc:2)
  An orc (Orc:2)
  A bush (Lair:1)
  30 fungi
  58 plants
94 creatures vanquished.

Grand Total: 838 creatures vanquished

Notes
Turn   | Place    | Note
-------+----------+-------------------------------------------
     0 | D:5      | tsouns the Spriggan Delver began the quest for the Orb.
     0 | D:5      | Reached XP level 1. HP: 11/11 MP: 2/2
    61 | D:3      | Reached XP level 2. HP: 16/16 MP: 3/3
   466 | D:3      | Noticed Natasha
   476 | D:3      | Killed Natasha
   477 | D:3      | Reached skill level 1 in Spellcasting
   477 | D:3      | Reached XP level 3. HP: 19/19 MP: 3/5
   732 | D:2      | Found a faded altar of an unknown god.
   752 | D:2      | Became a worshipper of Elyvilon the Healer
   752 | D:2      | Reached * piety under Elyvilon
   802 | D:2      | Noticed Sigmund
  1104 | D:3      | Found a white marble altar of Elyvilon.
  1357 | D:2      | Learned a level 2 spell: Poisonous Vapours
  2048 | D:2      | Found a runed translucent door.
  2049 | D:2      | Noticed Crazy Yiuf
  2066 | D:2      | Killed Crazy Yiuf
  2067 | D:2      | Reached XP level 4. HP: 23/23 MP: 3/7
  2750 | D:1      | Reached ** piety under Elyvilon
  2765 | D:1      | Reached skill level 2 in Spellcasting
  2808 | D:1      | Found a bloodstained altar of Trog.
  3133 | D:1      | Found Pucs's Assorted Antiques.
  3142 | D:1      | Bought a glowing golden potion for 16 gold pieces
  3142 | D:1      | Bought a scroll labelled ANUMER QERADI for 18 gold pieces
  3142 | D:1      | Bought a scroll labelled FOGHAI XEPE for 18 gold pieces
  3142 | D:1      | Bought a scroll labelled GOEDIYTWIWN for 18 gold pieces
  3142 | D:1      | Bought a scroll labelled KUENAV XEPSIRPH for 18 gold pieces
  4003 | D:2      | Noticed Robin
  4015 | D:2      | Killed Robin
  4016 | D:2      | Reached skill level 1 in Air Magic
  4016 | D:2      | Reached skill level 1 in Poison Magic
  4016 | D:2      | Reached XP level 5. HP: 15/28 MP: 9/9
  4034 | D:2      | Killed Sigmund
  4035 | D:2      | Reached XP level 6. HP: 18/32 MP: 11/11
  4706 | D:3      | Noticed Natasha
  4732 | D:3      | Killed Natasha
  4751 | D:3      | Reached skill level 3 in Spellcasting
  5105 | D:3      | Noticed Natasha
  5114 | D:3      | Killed Natasha
  5327 | D:4      | Learned a level 3 spell: Mephitic Cloud
  5659 | D:4      | Identified the +5 trident of Arommi {venom, Str+4}
  5683 | D:4      | Reached XP level 7. HP: 29/36 MP: 13/13
  6276 | D:4      | Reached *** piety under Elyvilon
  6601 | D:5      | Reached skill level 4 in Spellcasting
  6601 | D:5      | Reached skill level 1 in Invocations
  6754 | D:5      | Noticed Eustachio
  6761 | D:5      | Killed Eustachio
  6762 | D:5      | Reached XP level 8. HP: 40/40 MP: 15/15
  6849 | D:5      | Found a broken altar of Ashenzari.
  7081 | D:5      | Found a sacrificial altar of Ru.
  7430 | D:6      | Reached skill level 5 in Dodging
  7443 | D:6      | Reached skill level 5 in Spellcasting
  7540 | D:6      | Reached **** piety under Elyvilon
  8194 | D:6      | Reached XP level 9. HP: 44/44 MP: 18/18
  8295 | D:6      | Found a shimmering altar of Xom.
  8428 | D:7      | Reached skill level 6 in Spellcasting
  8908 | D:7      | Found a staircase to the Ecumenical Temple.
  8930 | Temple   | Entered the Ecumenical Temple
  9266 | D:7      | Learned a level 4 spell: Olgreb's Toxic Radiance
  9690 | D:7      | Reached skill level 5 in Poison Magic
  9725 | D:7      | Noticed Duvessa
  9744 | D:7      | Killed Duvessa
  9820 | D:7      | Found a bloodstained altar of Trog.
  9828 | D:7      | Noticed Dowan
  9834 | D:7      | Killed Dowan
  9850 | D:7      | Found a shimmering blue altar of Sif Muna.
  9853 | D:7      | Identified Sif Muna's Catalogue of Translocation
  9930 | D:7      | Identified the +0 leather armour of Chill Winds {rC+}
  9989 | D:7      | Found an ancient bone altar of Kikubaaqudgha.
 10263 | D:8      | Identified the +0 scale mail "Yvank" {Dex+6}
 10395 | D:8      | Noticed a cyclops
 10408 | D:8      | Reached ***** piety under Elyvilon
 10429 | D:8      | Found Siroic's General Store.
 10465 | D:8      | Killed a cyclops
 10466 | D:8      | Reached skill level 7 in Spellcasting
 10466 | D:8      | Reached skill level 5 in Air Magic
 11003 | D:8      | Reached skill level 5 in Invocations
 11296 | D:8      | Found a basalt altar of Yredelemnul.
 11445 | D:8      | Reached XP level 10. HP: 25/49 MP: 22/22
 12149 | D:9      | Reached skill level 8 in Spellcasting
 12356 | D:9      | Noticed a boulder beetle
 12373 | D:9      | Killed a boulder beetle
 12577 | D:10     | Entered Level 10 of the Dungeon
 12761 | D:10     | Identified the Reference Book on the Unstable Entourage
 12770 | D:10     | Learned a level 6 spell: Shadow Creatures
 12775 | D:10     | Learned a level 4 spell: Airstrike
 12784 | D:10     | Noticed a centaur warrior
 12811 | D:10     | Killed a centaur warrior
 12812 | D:10     | Reached skill level 9 in Spellcasting
 12812 | D:10     | Reached skill level 1 in Summonings
 13311 | D:10     | Found the +3 pair of seven-league boots {Rampage+∞}
 13744 | D:11     | Noticed a boulder beetle
 13745 | D:11     | Reached XP level 11. HP: 52/52 MP: 25/25
 13753 | D:11     | Killed a boulder beetle
 13779 | D:11     | Noticed a boulder beetle
 13804 | D:11     | Killed a boulder beetle
 14050 | D:11     | Reached ****** piety under Elyvilon
 14056 | D:11     | Noticed an oklob plant
 14094 | D:11     | Reached skill level 10 in Spellcasting
 14156 | D:11     | Found a staircase to the Lair.
 14195 | D:11     | Found a staircase to the Orcish Mines.
 14309 | D:11     | Noticed Erolcha
 14321 | D:11     | Killed Erolcha
 14322 | D:11     | Found Tataol's Antique Weapon Boutique.
 14583 | D:11     | Killed an oklob plant
 14816 | Lair:1   | Entered Level 1 of the Lair of Beasts
 15370 | Lair:1   | Noticed a five-headed hydra
 15383 | Lair:1   | Killed a five-headed hydra
 15384 | Lair:1   | Reached XP level 12. HP: 42/56 MP: 2/27
 15620 | Lair:1   | Noticed a boulder beetle
 15623 | Lair:1   | Reached skill level 11 in Spellcasting
 15647 | Lair:1   | Killed a boulder beetle
 15775 | Lair:1   | Noticed Joseph
 15823 | Lair:1   | Killed Joseph
 16575 | Lair:2   | Found a runed translucent door.
 16588 | Lair:2   | Reached skill level 5 in Summonings
 16820 | Lair:2   | Found a staircase to the Swamp.
 16820 | Lair:2   | Noticed a five-headed hydra
 16830 | Lair:2   | Killed a five-headed hydra
 17090 | Lair:2   | Noticed a boulder beetle
 17101 | Lair:2   | Killed a boulder beetle
 17370 | Lair:2   | Reached skill level 12 in Spellcasting
 17765 | Lair:2   | Noticed a six-headed hydra
 17803 | Lair:2   | Killed a six-headed hydra
 18062 | Lair:2   | Noticed Aisen's ghost (journeyman MiBe)
 18152 | Lair:3   | Reached skill level 10 in Invocations
 18181 | Lair:3   | Noticed a five-headed hydra
 18195 | Lair:3   | Killed a five-headed hydra
 18435 | Lair:3   | Noticed a death yak
 18436 | Lair:3   | Noticed a death yak
 18437 | Lair:3   | Noticed a death yak
 18437 | Lair:3   | Noticed a death yak
 18437 | Lair:3   | Noticed a death yak
 18438 | Lair:3   | Noticed a death yak
 18461 | Lair:3   | Killed a death yak
 18462 | Lair:3   | Reached XP level 13. HP: 31/60 MP: 8/30
 19815 | Lair:3   | Reached skill level 13 in Spellcasting
 20182 | Lair:4   | Found a hole to the Spider Nest.
 20749 | Lair:5   | Found an opulent altar of Gozag.
 21047 | Lair:5   | Identified the +5 whip of Mourning {antimagic, Int+6}
 21126 | Lair:5   | Noticed Urug
 21144 | Lair:5   | Killed Urug
 21684 | Lair:5   | Identified the +0 leather armour "Yssoots" {rN+ Regen+}
 21768 | Lair:6   | Entered Level 6 of the Lair of Beasts
 21856 | Lair:6   | Noticed Josephine
 22619 | Lair:6   | Found a staircase to the Slime Pits.
 22699 | Lair:6   | Reached XP level 14. HP: 67/67 MP: 7/32
 23230 | Lair:6   | Killed Josephine
 23674 | Lair:6   | Reached skill level 14 in Spellcasting
 23697 | Lair:6   | Reached skill level 5 in Fighting
 24188 | Lair:6   | Identified the +9 long sword of Gose {vorpal, rElec rPois}
 24346 | Orc:1    | Entered Level 1 of the Orcish Mines
 24598 | Orc:2    | Entered Level 2 of the Orcish Mines
 24602 | Orc:2    | Found a staircase to the Elven Halls.
 24658 | Orc:2    | Noticed Snorg
 24686 | Orc:2    | Killed Snorg
 24738 | Orc:2    | Learned a level 5 spell: Lightning Bolt
 24740 | Orc:2    | Found a frozen archway.
 25062 | IceCv    | Entered an ice cave
 25734 | IceCv    | Reached skill level 10 in Air Magic
 25944 | IceCv    | Reached skill level 1 in Conjurations
 26583 | IceCv    | Reached skill level 10 in Dodging
 26771 | IceCv    | Identified the ring "Antiy" {Ice Int+4}
 27498 | Orc:2    | Noticed an orc warlord
 27559 | Orc:2    | Killed an orc warlord
 28019 | Orc:2    | Reached XP level 15. HP: 53/73 MP: 21/34
 28226 | Orc:2    | Found Feth's General Store.
 28226 | Orc:2    | Found Luazoo's Book Emporium.
 28228 | Orc:2    | Found Ifiptosi's Armour Emporium.
 28228 | Orc:2    | Found Dunoam's Distillery.
 28276 | Orc:2    | Bought a book of Clouds for 450 gold pieces
 28283 | Orc:2    | Learned a level 5 spell: Freezing Cloud
 28291 | Orc:2    | Learned a level 7 spell: Ozocubu's Refrigeration
 28382 | Orc:2    | Noticed Maurice
 28394 | Orc:2    | Killed Maurice
 29002 | Orc:1    | Found Neexah's Book Emporium.
 29510 | D:8      | Bought a scroll of acquirement for 624 gold pieces
 29510 | D:8      | Bought the +3 Elemental Staff {rElec rF++ rC++ Will++ AC+5}
                  | for 1138 gold pieces
 29510 | D:8      | Found the +3 Elemental Staff {rElec rF++ rC++ Will++ AC+5}
 29514 | D:8      | Acquired the ring of Birdsong {rC+ Int+6}
 30106 | D:12     | Reached skill level 1 in Staves
 30644 | D:12     | Learned a level 3 spell: Stone Arrow
 31407 | D:13     | Noticed Nessos
 31413 | D:13     | Killed Nessos
 31605 | D:13     | Reached skill level 15 in Spellcasting
 31739 | D:13     | Noticed Sonja
 31744 | D:13     | Killed Sonja
 32518 | D:13     | Found a gate to the Vaults.
 34595 | D:14     | Reached XP level 16. HP: 78/78 MP: 23/36
 34907 | D:14     | Was placed under penance by Elyvilon
 35214 | D:14     | You fall into a shaft and drop 1 floor!
 35214 | D:15     | Entered Level 15 of the Dungeon
 35313 | D:14     | Reached skill level 5 in Staves
 35805 | D:15     | Noticed Kirke
 35819 | D:15     | Killed Kirke
 35884 | D:15     | Found a shadowy altar of Dithmenos.
 35896 | D:15     | Fell from the grace of Elyvilon
 35896 | D:15     | Became a worshipper of Dithmenos the Shadowed
 35905 | D:15     | Killed from afar by a catoblepas

Illustrated notes

Levels and vault maps discovered:
D:1:      heliophobic_arrival_battle_scene, layout_basic, serial_shops,
          nicolae_shop_overgrown_old_shop, serial_rivers,
          chequers_serial_rivers_micro_e, chequers_serial_rivers_room_b,
          chequers_serial_rivers_marsh, chequers_serial_rivers_large_b,
          chequers_serial_rivers_marsh, chequers_serial_rivers_small_b,
          minmay_hexomino_r4
D:2:      layout_basic, hellmonk_ecumenical_altar_crossroads, minmay_liquid_box,
          uniq_crazy_yiuf_cottage, uniq_sigmund, uniq_robin
D:3:      minmay_razor_zed, layout_basic, elyvilon_altar_3, minmay_misc_feat_x,
          uniq_natasha
D:4:      layout_basic, minmay_snake_closets
D:5:      cheibrodos_quashed, layout_basic, old_standard_altar,
          nicolae_ru_path_of_blood, uniq_eustachio
D:6:      layout_cave_pools, general_overflow_altar,
          chequers_serial_rivers_micro_b
D:7:      layout_basic, nzn_overflow_gifts_of_might_and_magic,
          lemuel_zombie_altar_kikubaaqudgha, minmay_temple_entry_mini_moons,
          hex_intersection, minmay_fire_ice_demons
D:8:      layout_gridville, lemuel_mausoleum_altar_yredelemnul, serial_shops,
          kennysheep_mini_moat, kennysheep_just_a_vault
D:9:      layout_big_octagon
D:10:     layout_basic, enter_bailey_7, st_stairs_5
D:11:     layout_rooms, dpeg_oklobed_lair, david_orc_3, serial_shops,
          nicolae_shop_stone, uniq_erolcha
D:12:     layout_gridville
D:13:     layout_roguey, grunt_vaults_entry_fortified, minivault_24, uniq_sonja,
          uniq_nessos
D:14:     layout_stronghold, chequers_avenue, chequers_serial_rivers_small_3,
          dk_noncrumbling_4, onia_ninara_cookie
D:15:     grunt_enter_depths_hoard, layout_rooms, ebering_ghost_inner_flame,
          nicolae_dithmenos_through_a_glass_darkly, uniq_kirke
Temple:   eino_temple_water
Lair:1:   layout_long_grid, st_stairs_13, nicolae_quartered_pool_super,
          hellmonk_guarded_unrand_seven_league_boots, serial_bayou_shore_a,
          uniq_joseph
Lair:2:   layout_regular_city, minmay_swamp_entry_reptiles,
          ebering_ghost_reflecting_pool, lemuel_fruit_fields
Lair:3:   layout_chaotic_city, grunt_megastairs_5, lemuel_fruit_fields,
          minmay_lair_oklob_chamber, lemuel_fruit_tree
Lair:4:   layout_hall_layers, nicolae_spider_entry_non_spiders, minmay_holes
Lair:5:   layout_concentric_octagons, basic_altar, hibernation_bobbens,
          uniq_urug
Lair:6:   evilmike_catoblepas_cave, layout_gridlike, slime_dummy, uniq_josephine
Orc:1:    nicolae_orc_accident_3, layout_caves, serial_shops, shop
Orc:2:    grunt_orc_tribal_feast, layout_diamond_mine,
          portal_ice_cave_entry_animals_and_master, uniq_maurice, uniq_snorg

Skill      XL: |  1  2  3  4  5  6  7  8  9 10 11 12 13 14 15 16 |
---------------+-------------------------------------------------+-----
Dodging        | 3 4 6 7 9 10 | 10.5
Spellcasting   | 1 2 3 4 5 7 9 10 12 13 14 15 | 15.5
Short Blades   | 3 4 |  4.0
Stealth        | 8 9 |  9.0
Fighting       | 3 4 6 |  6.2
Air Magic      | 1 2 3 4 5 7 8 9 10 11 | 11.2
Poison Magic   | 1 2 3 4 6 7 |  7.0
Invocations    | 1 3 5 7 8 10 11 12 | 12.3
Summonings     | 1 4 6 8 9 |  9.8
Conjurations   | 2 4 |  4.6
Staves         | 4 5 |  5.1
Ice Magic      | |  0.9

Action                   |  1- 3 |  4- 6 |  7- 9 | 10-12 | 13-15 | 16-18 || total
-------------------------+-------+-------+-------+-------+-------+-------++-------
Melee: Short sword       |   118 |   150 |       |       |       |       ||   268
       Trident           |       |    10 |   231 |   201 |   142 |       ||   584
       Whip              |       |       |       |    41 |       |       ||    41
       Long sword        |       |       |       |       |   157 |       ||   157
       Staff             |       |       |       |       |   126 |    18 ||   144
Throw: Dart              |       |       |     2 |       |       |       ||     2
 Cast: Poisonous Vapours |     3 |    23 |    81 |    81 |   128 |       ||   316
       Olgreb's Toxic Ra |       |       |     5 |    63 |   219 |    13 ||   300
       Mephitic Cloud    |       |       |       |     9 |    33 |     2 ||    44
       Airstrike         |       |       |       |    44 |   226 |    10 ||   280
       Lightning Bolt    |       |       |       |       |    24 |    17 ||    41
       Stone Arrow       |       |       |       |       |    19 |       ||    19
       Freezing Cloud    |       |       |       |       |    12 |       ||    12
       Shadow Creatures  |       |       |       |       |       |     3 ||     3
Evoke: Wand              |       |       |     6 |    32 |    11 |       ||    49
  Use: Scroll            |     1 |     8 |     8 |     7 |     9 |     1 ||    34
       Potion            |       |       |       |     2 |     1 |       ||     3
 Stab: Sleeping          |     6 |    16 |    17 |     3 |       |       ||    42
       Distracted        |     1 |     1 |     2 |     1 |       |       ||     5
       Confused          |       |       |       |     1 |    14 |     2 ||    17
Armor: Skin              |     1 |       |       |       |       |       ||     1
       Robe              |    14 |    20 |    28 |       |       |       ||    62
       Steam dragon scal |       |       |       |    73 |   117 |    18 ||   208
       Ice dragon scales |       |       |       |       |    49 |       ||    49
Dodge: Dodged            |   115 |   104 |   240 |   358 |   645 |    52 ||  1514
       Rpst.: Long sword |       |       |       |       |    41 |       ||    41

Table legend: (Time is in decaauts)
 A = Elapsed time spent in this place.
 B = Non-inter-level travel time spent in this place.
 C = Inter-level travel time spent in this place.
 D = Time resting spent in this place.
 E = Time spent auto-exploring this place.
 F = Levels seen in this place.
 G = Mean time per level.
                   A        B        C        D        E       F      G
               +--------+--------+--------+--------+--------+-----+--------+
         Total |  29670 |  29034 |    636 |    190 |  23707 |  25 | 1186.8 |
       Dungeon |  17326 |  16956 |    370 |     15 |  14057 |  15 | 1155.1 |
        Temple |    186 |    178 |      8 |      0 |    176 |   1 |  186.0 |
          Lair |   7790 |   7611 |    179 |      0 |   6350 |   6 | 1298.3 |
  Orcish Mines |   2725 |   2646 |     79 |    175 |   1803 |   2 | 1362.5 |
      Ice Cave |   1640 |   1640 |      0 |      0 |   1319 |   1 | 1640.0 |
               +--------+--------+--------+--------+--------+-----+--------+

Top non-repeatable levels by time:
    D:13: 2287 daAuts
   Orc:2: 2209 daAuts
  Lair:6: 2071 daAuts
    D:14: 1763 daAuts
  Lair:3: 1691 daAuts
   IceCv: 1640 daAuts
     D:2: 1612 daAuts
     D:3: 1493 daAuts
  Lair:1: 1477 daAuts
     D:7: 1424 daAuts
     D:8: 1397 daAuts
  Lair:2: 1268 daAuts
     D:1: 1249 daAuts
    D:12: 1231 daAuts
    D:11: 972 daAuts
